 Dungeon Crawl Stone Soup version 0.19.4-8-ga85b6b9 (webtiles) character file.

98 Gargoyl the Skirmisher (level 4, -6/41 HPs)
             Began as a Ghoul Abyssal Knight on Feb 6, 2017.
             Was a Follower of Lugonu.
             Killed from afar by a raiju (19 damage)
             ... with a living lightning
             ... on level 3 of the Abyss.
             The game lasted 00:00:43 (193 turns).

Gargoyl the Skirmisher (Ghoul Abyssal Knight)        Turns: 193, Time: 00:00:43

Health: -6/41      AC:  3    Str: 15    XL:     4   Next: 69%
Magic:  4/4        EV: 10    Int:  7    God:    Lugonu [*.....]
Gold:   0          SH:  2    Dex:  9    Spells: 0 memorised, 3 levels left

rFire  . . .     SeeInvis .     a - +1 hand axe
rCold  + . .     Gourm    .     b - +0 leather armour
rNeg   + + +     Faith    .     f - +0 buckler
rPois  ∞         Spirit   .     (no helmet)
rElec  .         Reflect  .     (no cloak)
rCorr  .         Harm     .     (no gloves)
MR     .....                    (no boots)
Stlth  +.........               (no amulet)
                                (no ring)
                                (no ring)

@: rotting
A: rotting body, claws 1, carnivore 3, cold resistance 1, negative energy
resistance 3, slow regeneration 1, torment resistance, unbreathing
a: Depart the Abyss, Renounce Religion


You were on level 3 of the Abyss.
You worshipped Lugonu.
Lugonu was aware of your devotion.
You were not hungry.

You visited 0 branches of the dungeon, and saw 0 of its levels.
You visited the Abyss 1 time.

Inventory:

Hand Weapons
 a - a +1 hand axe (weapon)
Armour
 b - a +0 leather armour (worn)
 f - a +0 buckler (worn)
Wands
 d - a wand of acid (0/15)
 g - a wand of confusion (33/48)
Scrolls
 e - a scroll of identify {unknown}
Comestibles
 c - a meat ration


   Skills:
 + Level 4.9 Fighting
 + Level 2.3 Axes
 + Level 2.1 Armour
 + Level 1.1 Dodging
 + Level 2.1 Invocations
 + Level 0.3 Evocations


You had 3 spell levels left.
You didn't know any spells.

Dungeon Overview and Level Annotations

Branches:
Dungeon (0/15)

Altars:


Innate Abilities, Weirdness & Mutations

Your body is rotting away.
You thrive on raw meat.
You are immune to poison.
You have sharp fingernails.
You are carnivorous and can eat meat at any time.
Your flesh is cold resistant. (rC+)
You are immune to negative energy. (rN+++)
You regenerate slowly when monsters are visible.
You are immune to unholy pain and torment.
You can survive without breathing.


Message History

You destroy the small abomination!
Your Fighting skill increases to level 4!
Your Axes skill increases to level 2!
Your Armour skill increases to level 2!
Your Dodging skill increases to level 1!
You have reached level 2!
You have reached level 3!
Your experience leads to an increase in your attributes!
Increase (S)trength, (I)ntelligence, or (D)exterity?
You feel agile.
You have reached level 4!
The substance of the Abyss twists violently, and a gateway leading out appears!
Okay, then. 3 raiju come into view.
The raiju barks! x2
The raiju moves out of view.
There is a gateway leading out of the Abyss here.
The raiju bursts into living lightning!
The living lightning hits the raiju.
The raiju completely resists.
The living lightning misses you. The living lightning hits you!
You die...

... .
.....h.#.. .
##...
..#..h#..... #.
.#.#.#........
. # #...#.#.#..
#.## #h.#..#
###.#. ..## ..
#.#...#.###.#.#
#.###h##....#
##∩..@..#
#####.#.# .#..#
#. .## ## ##


You could see 2 raiju.

Vanquished Creatures
  A small abomination (Abyss:3)
1 creature vanquished.

Notes
Turn   | Place    | Note
-------+----------+-------------------------------------------
     0 | Abyss:1  | Gargoyl the Ghoul Abyssal Knight began the quest for the Orb.
     0 | Abyss:1  | Reached XP level 1. HP: 19/19 MP: 1/1
    56 | Abyss:2  | Found a corrupted altar of Lugonu.
    89 | Abyss:2  | Noticed a flying skull
   156 | Abyss:3  | Found a corrupted altar of Lugonu.
   174 | Abyss:3  | Noticed a small abomination
   182 | Abyss:3  | Killed a small abomination
   182 | Abyss:3  | Reached skill level 4 in Fighting
   182 | Abyss:3  | Reached skill level 1 in Dodging
   182 | Abyss:3  | Reached XP level 2. HP: 8/28 MP: 2/2
   182 | Abyss:3  | Reached XP level 3. HP: 10/35 MP: 3/3
   182 | Abyss:3  | Reached XP level 4. HP: 12/41 MP: 4/4
   186 | Abyss:3  | Noticed a raiju
   186 | Abyss:3  | Noticed a raiju
   186 | Abyss:3  | Noticed a raiju
   193 | Abyss:3  | Killed from afar by a raiju

Skill      XL: |  1 |
---------------+----+-----
Fighting       | 4 |  4.9
Axes           | 2 |  2.3
Armour         | 2 |  2.1
Dodging        | 1 |  1.1
Invocations    | |  2.1
Evocations     | |  0.3

Action                   |  1- 3 |  4- 6 || total
-------------------------+-------+-------++-------
Melee: Hand axe          |     1 |       ||     1
Evoke: Wand              |     3 |       ||     3
Dodge: Dodged            |     1 |     1 ||     2
Block: Buckler           |     1 |       ||     1
